 Dungeon Crawl Stone Soup version 0.30-a0-715-gdb4ae3ece1 (webtiles) character file.

Game seed: 12454761450094323607

1880 wormed the Covert (level 9, -2/80 HPs)
             Began as a Naga Fire Elementalist on Jan 24, 2023.
             Was a Follower of Vehumet.
             Killed by divine providence
             ... invoked by an orc priest
              (15 damage)
             ... on level 6 of the Dungeon.
             The game lasted 00:09:57 (6930 turns).

wormed the Covert (Naga Fire Elementalist)          Turns: 6930, Time: 00:09:57

Health: -2/80      AC: 10    Str: 11    XL:     9   Next: 14%
Magic:  2/16       EV:  7    Int: 19    God:    Vehumet [*.....]
Gold:   339        SH:  0    Dex: 12    Spells: 10/18 levels left

rFire   + . .      SeeInvis +    d - +0 dagger (venom)
rCold   . . .      Faith    .    j - orb {guile}
rNeg    . . .      Spirit   .    x - +0 leather armour
rPois   +          Reflect  .    (no helmet)
rElec   .          Harm     .    o - +1 cloak {rCorr}
rCorr   +          Rampage  .    (no gloves)
Will    .....                    i - +0 barding
Stlth   ++++                     (no amulet)
HPRegen 0.33/turn                v - ring of protection from fire
MPRegen 0.15/turn                (no ring)

@: slowed, very slow
A: AC +3, large, see invisible, deformed body, poison resistance, slowness 2,
spit poison 1, naga tail 1
a: Spit Poison, Renounce Religion


You were on level 6 of the Dungeon.
You worshipped Vehumet.
Vehumet was aware of your devotion.
You visited 2 branches of the dungeon, and saw 7 of its levels.

You collected 339 gold pieces.

Inventory:

Hand Weapons
 d - a +0 dagger of venom (weapon)
Armour
 i - a +0 barding (worn)
 j - an orb of guile (worn)
 o - a +1 cloak of preservation (worn)
 x - a +0 leather armour (worn)
Jewellery
 m - a ring of protection from cold
 t - a +6 ring of strength
 u - a ring of protection from cold
 v - a ring of protection from fire (left hand)
 B - a ring of ice
Wands
 n - a wand of polymorph (4)
Scrolls
 a - 2 scrolls of enchant weapon {unknown}
 h - 2 scrolls of teleportation
 s - 2 scrolls of fog
 y - a scroll of identify
 z - a scroll of vulnerability {unknown}
 A - a scroll of enchant armour
Potions
 b - a potion of magic
 c - 2 potions of brilliance
 e - a potion of ambrosia {unknown}
 f - 2 potions of might {unknown}
 g - a potion of berserk rage {unknown}
 k - 2 potions of attraction {unknown}
 l - a potion of heal wounds {unknown}
 p - a potion of resistance {unknown}
 q - a potion of degeneration {unknown}
 r - 2 potions of mutation {unknown}
 w - a potion of curing


   Skills:
 + Level 4.9 Fighting
 - Level 1.5 Dodging
 + Level 8.6 Stealth
 + Level 5.0 Spellcasting
 + Level 5.2 Conjurations
 + Level 6.0 Fire Magic


You had 10 spell levels left.
You knew the following spells:

 Your Spells              Type           Power      Damage    Failure   Level
a - Foxfire               Conj/Fire      100%       2x1d9     1%          1
b - Scorch                Fire           54%        2d8       1%          2
c - Inner Flame           Hex/Fire       16%        N/A       14%         3
k - Blink                 Tloc           8%         N/A       24%         2

Your spell library contained the following spells:

 Spells                   Type           Power      Damage    Failure   Level
 Freeze                   Ice            16%        1d4       16%         1
 Magic Dart               Conj           96%        1d7       1%          1
 Momentum Strike          Conj/Tloc      28%        3d8       9%          2
 Static Discharge         Conj/Air       28%        2-4/arc   9%          2
 Summon Small Mammal      Summ           16%        N/A       16%         1
 Flame Wave               Conj/Fire      26%        2d8       16%         4
 Kindle Blastsparks       Fire/Tloc/Air  24%        2d12      22%         3
 Call Imp                 Summ           4%         N/A       24%         2
 Cigotuvi's Dreadful Rot  Necr/Pois/Air  8%         N/A       24%         2
 Lesser Beckoning         Tloc           8%         N/A       24%         2
 Mephitic Cloud           Conj/Pois/Air  11%        N/A       24%         3
 Call Canine Familiar     Summ           4%         N/A       43%         3
 Summon Guardian Golem    Hex/Summ       4%         N/A       43%         3
 Vhi's Electric Charge    Tloc/Air       8%         N/A       43%         3
 Arcjolt                  Conj/Air       7%         1d17      83%         5
 Lightning Bolt           Conj/Air       7%         1d19      83%         5
 Dispel Undead            Necr           4%         3d7       85%         4
 Summon Ice Beast         Ice/Summ       4%         N/A       85%         4
 Summon Mana Viper        Hex/Summ       4%         N/A       99%         5
 Death Channel            Necr           2%         N/A       100%        6
 Enfeeble                 Hex            2%         N/A       100%        7
 Monstrous Menagerie      Summ           2%         N/A       100%        7
 Discord                  Hex            2%         N/A       100%        8


Dungeon Overview and Level Annotations

Branches:
Dungeon (6/15)             Temple (1/1) D:4

Altars:
Cheibriados
Dithmenos
Elyvilon
Gozag
Makhleb
Nemelex Xobeh
Okawaru
Qazlal
Ru
Vehumet
Wu Jian
Xom
Yredelemnul
Zin
The Shining One


Innate Abilities, Weirdness & Mutations

Your serpentine skin is tough. (AC +3)
You have supernaturally acute eyesight. (SInv)
Armour fits poorly on your strangely shaped body.
Your system is resistant to poisons. (rPois)
You cover ground very slowly.
You can spit poison.
You have a snake-like lower body.


Message History

The foxfire hits the kobold brigand but does no damage.
The kobold brigand is moderately wounded.
The jelly hits you.
You are splashed with acid.
You resist.
An iguana comes into view.
The kobold brigand is engulfed in blazing flames.
Flame seeps out of the kobold brigand.
The kobold brigand throws a curare-tipped dart.
The curare-tipped dart hits you. The jelly closely misses you.
The kobold brigand is engulfed in blazing flames.
Vehumet accepts your kill.
The kobold brigand explodes!
The fiery explosion engulfs the jelly!!
Vehumet accepts your kill.
The jelly explodes!
The fiery explosion engulfs you. You resist.
The iguana hisses angrily.
You hear a shout! x3
Your Spellcasting skill increases to level 5!
Your Fire Magic skill increases to level 6!
Casting: Foxfire (safe; 1% risk of failure)
Confirm with . or Enter, or press ? or * to list all spells.
Aiming: Inner Flame (dangerous; 14% risk of failure)
Press: ? - help, Dir - move target, f - ogre
Aim: an ogre, wielding a +0 giant club (chance to affect: 84%)
The ogre struggles to resist.
You are engulfed in blazing flames.
You resist.
You feel sick.
Casting: Inner Flame (dangerous; 14% risk of failure)
Confirm with . or Enter, or press ? or * to list all spells.
You conjure some foxfire!
You are engulfed in blazing flames.
You resist.
* * * LOW HITPOINT WARNING * * *
You feel sick.
An orc priest comes into view. It is wielding a +0 mace.
You feel very sick.
You are no longer poisoned.
The foxfire hits the ogre!
The ogre is moderately wounded.
The foxfire hits the ogre.
The ogre is heavily wounded.
The orc priest invokes the aid of Beogh against you.
Beogh smites you!
You die...

. #. #.# .
..
##..#.######
......☼§l§§#
#..o....O§@#
........§§§#
#..#########
#. .


You could see an ogre, an iguana and an orc priest.

Vanquished Creatures
  Sigmund (D:2)
  Eustachio (D:4)
  A black bear (D:5)
  A sky beast (D:5)
  3 ogres
  A bullfrog (D:6)
  A kobold brigand (D:6)
  A necrophage (D:5)
  3 scorpions (D:5)
  2 wights (D:6)
  A howler monkey (D:5)
  2 hounds
  An orc priest (D:4)
  A gnoll bouda (D:5)
  2 jellies
  3 iguanas
  Jessica (D:2)
  2 orc wizards
  Crazy Yiuf (D:2)
  Natasha (thrice) (D:2)
  10 adders
  3 gnolls (D:5)
  A white imp (D:5)
  An ufetubus (D:5)
  A worm (D:3)
  A dart slug (D:3)
  14 orcs
  3 bats
  7 endoplasms
  2 giant cockroaches
  7 goblins
  5 hobgoblins
  5 kobolds
  A quokka (D:1)
  9 ball pythons
  2 frilled lizards (D:1)
  7 rats
  A spectral orc (D:4)
112 creatures vanquished.

Vanquished Creatures (others)
  79 foxfires
  A plant (D:6)
80 creatures vanquished.

Grand Total: 192 creatures vanquished

Notes
Turn   | Place    | Note
-------+----------+-------------------------------------------
     0 | D:1      | wormed the Naga Fire Elementalist began the quest for the
                  | Orb.
     0 | D:1      | Reached XP level 1. HP: 15/15 MP: 3/3
   291 | D:1      | Reached XP level 2. HP: 3/24 MP: 3/5
   917 | D:1      | Learned a level 2 spell: Scorch
  1051 | D:2      | Found a glowing silver altar of Zin.
  1054 | D:2      | Noticed Sigmund
  1190 | D:2      | Noticed Jessica
  1192 | D:2      | Killed Jessica
  1193 | D:2      | Reached skill level 1 in Fighting
  1193 | D:2      | Reached XP level 3. HP: 31/31 MP: 1/6
  1278 | D:2      | Killed Sigmund
  1279 | D:2      | Reached skill level 4 in Stealth
  1279 | D:2      | Reached XP level 4. HP: 39/39 MP: 1/8
  1279 | D:2      | Reached XP level 5. HP: 45/45 MP: 1/9
  1434 | D:2      | Learned a level 3 spell: Inner Flame
  1485 | D:2      | Noticed Natasha
  1487 | D:2      | Killed Natasha
  1488 | D:2      | Reached skill level 5 in Stealth
  1488 | D:2      | Reached XP level 6. HP: 54/54 MP: 5/10
  1576 | D:2      | Got the Atlas of Weird Lava
  1735 | D:2      | Found a runed translucent door.
  1736 | D:2      | Noticed Crazy Yiuf
  1797 | D:2      | Noticed Natasha
  1811 | D:2      | Killed Natasha
  2192 | D:2      | Noticed Natasha
  2196 | D:2      | Killed Natasha
  2444 | D:2      | Killed Crazy Yiuf
  3011 | D:3      | Found an opulent altar of Gozag.
  3214 | D:3      | Found a shimmering altar of Xom.
  3582 | D:3      | Found a faded altar of an unknown god.
  3661 | D:4      | Noticed Eustachio
  3729 | D:4      | Found a basalt altar of Yredelemnul.
  3783 | D:4      | Killed Eustachio
  3784 | D:4      | Reached XP level 7. HP: 62/62 MP: 3/12
  3907 | D:4      | Reached skill level 6 in Stealth
  4174 | D:4      | Found a sacrificial altar of Ru.
  4300 | D:4      | HP: 3/62 [orc priest/divine providence (14)]
  4534 | D:4      | Found a staircase to the Ecumenical Temple.
  4543 | Temple   | Entered the Ecumenical Temple
  4590 | Temple   | Became a worshipper of Vehumet
  5004 | D:5      | Entered Level 5 of the Dungeon
  5207 | D:5      | Reached XP level 8. HP: 70/70 MP: 1/13
  5381 | D:5      | Reached skill level 5 in Fire Magic
  5459 | D:5      | Reached skill level 7 in Stealth
  5533 | D:5      | Learned a level 2 spell: Blink
  5636 | D:5      | Found a stormy altar of Qazlal.
  6027 | D:5      | Reached * piety under Vehumet
  6027 | D:5      | Offered knowledge of Freeze by Vehumet.
  6463 | D:5      | Found a snail-covered altar of Cheibriados.
  6664 | D:6      | Reached skill level 8 in Stealth
  6906 | D:6      | Reached skill level 5 in Conjurations
  6906 | D:6      | Reached XP level 9. HP: 79/79 MP: 11/16
  6928 | D:6      | Reached skill level 5 in Spellcasting
  6930 | D:6      | Killed from afar by an orc priest

Illustrated notes

Levels and vault maps discovered:
D:1:      mrwooster_arrival_statue_3, layout_loops_ring,
          hangedman_decor_growths, serial_park_tiny_2, nrook_uturn
D:2:      layout_basic, basic_altar, minmay_fractal_squares_5, uniq_natasha,
          uniq_crazy_yiuf_cottage, uniq_jessica, uniq_sigmund
D:3:      layout_loops_cross, xom_butterflies, marbit_many_paths,
          shapermc_ecumenical_altar_mp_vishouse, chequers_decorated_corner
D:4:      layout_basic, nicolae_ru_awakened_eye,
          yredelemnul_forgotten_temple_becter, minmay_temple_entry_tees,
          uniq_eustachio
D:5:      layout_loops_cross, amcnicky_altar_gilded,
          mainiacjoe_overflow_six_doors_small, roderic_roman_lattice,
          minmay_diced_spiral
D:6:      lemuel_castle_with_subvaults [lemuel_castle_interior_original],
          layout_rooms, serial_shops, nicolae_lakefront_shop, minmay_circle_x
Temple:   jpeg_temple_alley_garden

Skill      XL: |  1  2  3  4  5  6  7  8  9 |
---------------+----------------------------+-----
Fighting       | 1 2 3 4 |  4.9
Stealth        | 4 5 6 8 |  8.6
Conjurations   | 2 3 5 |  5.2
Spellcasting   | 3 4 5 |  5.0
Fire Magic     | 4 5 6 |  6.0
Dodging        | |  1.5

Action                     |  1- 3 |  4- 6 |  7- 9 || total
---------------------------+-------+-------+-------++-------
  Melee: Staff             |    16 |       |       ||    16
         Unarmed           |     3 |       |       ||     3
         Dagger            |    15 |    28 |    15 ||    58
   Cast: Foxfire           |    13 |     7 |    29 ||    49
         Scorch            |     6 |    47 |    62 ||   115
         Inner Flame       |       |     2 |    29 ||    31
Ability: Spit Poison       |     4 |     2 |     1 ||     7
    Use: Scroll            |       |     8 |     2 ||    10
         Potion            |       |       |     2 ||     2
   Stab: Sleeping          |     2 |       |       ||     2
 Armour: Robe              |    14 |    27 |     3 ||    44
         Leather armour    |       |       |    20 ||    20
  Dodge: Dodged            |    24 |    23 |    16 ||    63

Table legend: (Time is in decaauts)
 A = Elapsed time spent in this place.
 B = Non-inter-level travel time spent in this place.
 C = Inter-level travel time spent in this place.
 D = Time resting spent in this place.
 E = Time spent auto-exploring this place.
 F = Levels seen in this place.
 G = Mean time per level.
                   A        B        C        D        E       F      G
               +--------+--------+--------+--------+--------+-----+--------+
         Total |   8382 |   8059 |    323 |    100 |   6962 |   7 | 1197.4 |
       Dungeon |   8281 |   7992 |    289 |    100 |   6911 |   6 | 1380.2 |
        Temple |    100 |     67 |     33 |      0 |     51 |   1 |  100.0 |
               +--------+--------+--------+--------+--------+-----+--------+

Top non-repeatable levels by time:
     D:5: 2188 daAuts
     D:2: 2075 daAuts
     D:4: 1508 daAuts
     D:3: 1270 daAuts
     D:1: 1186 daAuts
  Temple: 100 daAuts
     D:6: 53 daAuts
